 Dungeon Crawl Stone Soup version 0.26-a0-415-g2a9615731a (webtiles) character file.

Game seed: 17712833778435136175

9538 KristoblXynda the Cleaver (level 11, -2/75 HPs)
             Began as a Formicid Fighter on July 25, 2020.
             Was a High Priest of Cheibriados.
             Splashed by a brown ugly thing's acid (6 damage)
             ... on level 11 of the Dungeon.
             The game lasted 00:14:44 (11306 turns).

KristoblXynda the Cleaver (Formicid Fighter)       Turns: 11306, Time: 00:14:45

Health: -2/75      AC: 12    Str: 42    XL:     11   Next: 76%
Magic:  15/15      EV:  9    Int: 22    God:    Cheibriados [*****.]
Gold:   747        SH: 21    Dex: 23    Spells: 10/10 levels left

rFire    . . .     SeeInvis +   a - +0 war axe
rCold    + . .     Faith    .   c - +0 kite shield
rNeg     . . .     Spirit   .   K - +1 plate armour
rPois    .         Reflect  +   (helmet unavailable)
rElec    .         Harm     .   q - +2 cloak
rCorr    .                      m - +0 pair of gloves
MR       +....                  (no boots)
Stlth    ..........             n - amulet of reflection
HPRegen  0.22/turn              J - ring of protection from cold
MPRegen  0.14/turn              G - +6 ring of strength

@: corroded, very slow
A: permanent stasis, dig shafts and tunnels, four strong arms, antennae 3
a: Dig, Shaft Self, Bend Time, Temporal Distortion, Slouch, Step From Time,
Renounce Religion


You were on level 11 of the Dungeon.
You worshipped Cheibriados.
Cheibriados was extremely pleased with you.
You visited 2 branches of the dungeon, and saw 12 of its levels.

You collected 747 gold pieces.

Inventory:

Hand Weapons
 a - a +0 war axe (weapon)
 N - a +1 battleaxe
Armour
 c - a +0 kite shield (worn)
 m - a +0 pair of gloves (worn)
 q - a +2 cloak (worn)
 K - a +1 plate armour (worn)
Jewellery
 k - an uncursed ring of positive energy
 n - an amulet of reflection (around neck)
 u - an uncursed ring of flight
 A - an uncursed ring of wizardry
 G - a +6 ring of strength (right hand)
 J - a ring of protection from cold (left hand)
Wands
 H - a wand of disintegration (32)
Scrolls
 b - a scroll of acquirement {unknown}
 g - a scroll of identify
 i - 9 scrolls of teleportation
 l - 3 scrolls of fog
 o - 3 scrolls of amnesia
 p - a scroll of fear
 t - 2 scrolls of magic mapping
 v - a scroll of blinking
 w - 3 scrolls of immolation
 x - a scroll of enchant weapon
 y - 3 scrolls of enchant armour
 D - 2 scrolls of remove curse
Potions
 d - 2 potions of might
 e - a potion of resistance
 f - 6 potions of cancellation
 h - a potion of flight
 j - 3 potions of lignification
 r - a potion of brilliance
 s - 2 potions of magic
 z - a potion of invisibility
 E - 2 potions of stabbing
 F - a potion of ambrosia
 I - a potion of heal wounds
 P - a potion of curing


   Skills:
 - Level 3.2 Fighting
 + Level 11.3 Axes
 + Level 10.2 Armour
 + Level 11.1 Shields
 + Level 6.5 Invocations


You had 10 spell levels left.
You didn't know any spells.
Your spell library contained the following spells:

 Spells                   Type           Power        Failure   Level
 Magic Dart               Conj           #...         56%         1
 Shock                    Conj/Air       #...         56%         1
 Call Imp                 Summ           #.......     71%         2
 Searing Ray              Conj           #.....       71%         2
 Slow                     Hex            #.......     71%         2
 Conjure Flame            Conj/Fire      #.......     91%         3
 Mephitic Cloud           Conj/Pois/Air  #.......     91%         3
 Static Discharge         Conj/Air       #.......     91%         3
 Airstrike                Air            #.........   100%        4
 Ice Form                 Ice/Tmut       #.......     100%        4
 Lightning Bolt           Conj/Air       #.........   100%        5
 Metabolic Englaciation   Hex/Ice        #.........   100%        5
 Conjure Ball Lightning   Conj/Air       #.........   100%        6
 Freezing Cloud           Conj/Ice/Air   #.........   100%        6
 Ozocubu's Refrigeration  Ice            #.........   100%        6
 Simulacrum               Ice/Necr       #.........   100%        6
 Starburst                Conj/Fire      #.........   100%        6
 Blink                    Tloc           Unusable     N/A         2
 Swiftness                Air            Unusable     N/A         2

Dungeon Overview and Level Annotations

Branches:
Dungeon (11/15)            Temple (1/1) D:5             Orc (0/2) D:9
   Lair: D:8-11

Altars:
Ashenzari
Cheibriados
Dithmenos
Elyvilon
Fedhas
Gozag
Hepliaklqana
Kikubaaqudgha
Makhleb
Nemelex Xobeh
Okawaru
Qazlal
Ru
Sif Muna
Trog
Uskayaw
Vehumet
Wu Jian
Xom
Yredelemnul
Zin
The Shining One


Innate Abilities, Weirdness & Mutations

You cannot be hasted, slowed, berserked, paralysed or teleported.
You can dig through walls and to a lower floor.
Your four strong arms can wield two-handed weapons with a shield.
You have a pair of large antennae on your head. (SInv)


Message History

The brown ugly thing is moderately wounded.
You block the brown ugly thing's attack.
You slice the brown ugly thing!!
The brown ugly thing is heavily wounded.
The brown ugly thing claws you but does no damage.
You slice the brown ugly thing!!
The brown ugly thing is almost dead.
The brown ugly thing claws you but does no damage.
You barely miss the brown ugly thing.
The brown ugly thing is almost dead.
You block the brown ugly thing's attack.
You hit the brown ugly thing but do no damage.
The brown ugly thing is almost dead.
The sky beast flickers out of sight for a moment.
You hit the brown ugly thing but do no damage.
The brown ugly thing is almost dead.
The brown ugly thing claws you!
* * * LOW HITPOINT WARNING * * *
You are splashed with acid.
You die...

#### #.### #...# ###.#
#.# #.# ### #.# #
#####.###.# .#.#
##...<....########Y...##
+...............@uY.....
##.#...#..########....##
##.##.....# .###
#.###.#.## # #.###.#.#
#.......# #####.### #.#
#.#


You could see a brown ugly thing, a yak and a sky beast (invisible).

Vanquished Creatures
  2 centaur zombies (D:9)
  3 centaur skeletons (D:9)
  2 hellwings (D:9)
  2 trolls (D:10)
  A hippogriff (D:7)
  11 yaks
  A steam dragon (D:10)
  An orc warrior (D:8)
  2 sky beasts
  3 ice beasts
  A hornet zombie (D:9)
  A phantom (D:6)
  4 black bears
  12 ogres
  3 centaurs
  A crocodile (D:8)
  4 bullfrogs
  A gnoll sergeant (D:8)
  5 scorpions
  11 killer bees
  5 wights (D:8)
  A howler monkey (D:10)
  3 bullfrog zombies
  6 orc priests
  3 jellies
  9 orc wizards
  A bullfrog skeleton (D:5)
  4 hounds
  Crazy Yiuf (D:2)
  Jessica (D:2)
  8 worker ants
  A killer bee zombie (D:9)
  2 hound skeletons
  7 gnolls
  11 adders
  7 shadow imps
  A white imp (D:6)
  2 ufetubi
  An ooze (D:2)
  3 worms
  A dart slug (D:3)
  6 leopard geckos
  37 orcs
  10 giant cockroaches
  8 goblins
  15 hobgoblins
  11 jackals
  2 quokkas
  A ball python (D:3)
  6 bats
  7 frilled lizards
  6 kobolds
  8 rats
266 creatures vanquished.

Vanquished Creatures (others)
  2 withered plants (D:9)
2 creatures vanquished.

Grand Total: 268 creatures vanquished

Notes
Turn   | Place    | Note
-------+----------+-------------------------------------------
     0 | D:1      | KristoblXynda the Formicid Fighter began the quest for the
                  | Orb.
     0 | D:1      | Reached XP level 1. HP: 18/18 MP: 1/1
    55 | D:1      | Reached XP level 2. HP: 14/24 MP: 2/2
   330 | D:1      | HP: 1/24 [jackal (1)]
   756 | D:1      | Reached XP level 3. HP: 29/29 MP: 3/3
  1067 | D:2      | Noticed Jessica
  1087 | D:2      | Killed Jessica
  1087 | D:2      | Reached XP level 4. HP: 14/35 MP: 4/4
  1370 | D:2      | Found a faded altar of an unknown god.
  1640 | D:2      | Reached XP level 5. HP: 41/41 MP: 5/5
  1672 | D:2      | Found a sparkling altar of Nemelex Xobeh.
  1876 | D:2      | Found a runed translucent door.
  1877 | D:2      | Noticed Crazy Yiuf
  1888 | D:2      | Killed Crazy Yiuf
  2206 | D:3      | Reached XP level 6. HP: 38/47 MP: 6/6
  3231 | D:4      | Reached skill level 5 in Shields
  3491 | D:4      | Noticed an ogre
  3500 | D:4      | Killed an ogre
  3500 | D:4      | Reached skill level 5 in Axes
  3500 | D:4      | Reached XP level 7. HP: 30/52 MP: 7/7
  3896 | D:5      | Entered Level 5 of the Dungeon
  3930 | D:5      | Reached skill level 5 in Armour
  4344 | D:5      | Reached XP level 8. HP: 53/58 MP: 8/8
  4780 | D:5      | Found a staircase to the Ecumenical Temple.
  4791 | Temple   | Entered the Ecumenical Temple
  4854 | Temple   | Became a worshipper of Cheibriados the Contemplative
  5859 | D:6      | Identified the Compendium of Attacks and the Arsonist
  5882 | D:6      | Reached * piety under Cheibriados
  5895 | D:6      | Found a shattered altar of Ashenzari.
  6155 | D:6      | Found a blossoming altar of Fedhas.
  6157 | D:6      | Found a stormy altar of Qazlal.
  6157 | D:6      | Found an ornate altar of the Wu Jian Council.
  6158 | D:6      | Found a shimmering altar of Xom.
  6161 | D:6      | Found a basalt altar of Yredelemnul.
  6317 | D:6      | Reached XP level 9. HP: 64/64 MP: 9/9
  6614 | D:7      | Noticed a hippogriff
  6624 | D:7      | Killed a hippogriff
  7043 | D:7      | Found a hazy altar of Hepliaklqana.
  7554 | D:8      | Reached ** piety under Cheibriados
  8008 | D:8      | Reached XP level 10. HP: 62/70 MP: 10/10
  8096 | D:8      | Reached *** piety under Cheibriados
  8173 | D:8      | Found a shattered altar of Ashenzari.
  8636 | D:8      | Reached skill level 10 in Axes
  8816 | D:9      | Reached skill level 1 in Invocations
  8845 | D:9      | Reached **** piety under Cheibriados
  9190 | D:9      | Reached skill level 10 in Shields
  9190 | D:9      | Reached XP level 11. HP: 66/75 MP: 12/14
  9322 | D:9      | Reached skill level 5 in Invocations
  9324 | D:9      | Reached ***** piety under Cheibriados
  9594 | D:9      | Found a staircase to the Orcish Mines.
  9771 | D:10     | Entered Level 10 of the Dungeon
 10462 | D:10     | Reached skill level 10 in Armour
 11277 | D:11     | Noticed a brown ugly thing
 11306 | D:11     | Splashed by a brown ugly thing's acid

Illustrated notes

Levels and vault maps discovered:
D:1:      dpeg_arrival_pits, layout_rooms, moated_statue,
          grunt_decor_mini_mirrors
D:2:      layout_loops_cross, nemelex_xobeh_ov_fountains_minmay,
          chequers_ecumenical_altar_simple, uniq_jessica,
          uniq_crazy_yiuf_cottage
D:3:      layout_loops_ring, minmay_fractal_squares_5
D:4:      layout_basic
D:5:      layout_loops_ring, minmay_temple_entry_purple_smoke,
          minmay_chambers_of_fives
D:6:      layout_loops_corners, minitemple, ashenzari_altar_1
D:7:      black_bear_nest_2, layout_basic, kennysheep_mini_moat
D:8:      layout_loops_ring, basic_altar, sigmund_army
D:9:      cheibrodos_grave_circle, layout_basic, orc_0_dummy
D:10:     layout_basic
D:11:     layout_loops_corners, erik_lair_island
Temple:   eino_wide_crystal_templ

Skill      XL: |  1  2  3  4  5  6  7  8  9 10 11 |
---------------+----------------------------------+-----
Shields        | 4 5 6 7 8 10 11 | 11.1
Axes           | 3 4 5 6 7 9 10 11 | 11.3
Armour         | 4 5 6 7 9 10 | 10.2
Invocations    | 4 6 |  6.5
Fighting       | |  3.2

Action                   |  1- 3 |  4- 6 |  7- 9 | 10-12 || total
-------------------------+-------+-------+-------+-------++-------
Melee: War axe           |    97 |   143 |   405 |   414 ||  1059
  Use: Scroll            |       |     3 |    14 |     8 ||    25
       Potion            |       |       |       |     1 ||     1
Armor: Scale mail        |    57 |    11 |       |       ||    68
       Chain mail        |       |    45 |   144 |       ||   189
       Plate armour      |       |       |       |   144 ||   144
Dodge: Dodged            |    45 |    37 |    88 |    83 ||   253
Block: Kite shield       |    66 |    84 |   317 |   456 ||   923
       Reflection        |       |       |     4 |     6 ||    10

Table legend: (Time is in decaauts)
 A = Elapsed time spent in this place.
 B = Non-inter-level travel time spent in this place.
 C = Inter-level travel time spent in this place.
 D = Time resting spent in this place.
 E = Time spent auto-exploring this place.
 F = Levels seen in this place.
 G = Mean time per level.
                   A        B        C        D        E       F      G
               +--------+--------+--------+--------+--------+-----+--------+
         Total |  13607 |  13301 |    306 |   2032 |   8617 |  12 | 1133.9 |
       Dungeon |  13524 |  13236 |    288 |   2032 |   8573 |  11 | 1229.5 |
        Temple |     82 |     64 |     18 |      0 |     44 |   1 |   82.0 |
               +--------+--------+--------+--------+--------+-----+--------+

Top non-repeatable levels by time:
     D:8: 1995 daAuts
    D:10: 1914 daAuts
     D:6: 1607 daAuts
     D:7: 1366 daAuts
     D:5: 1340 daAuts
     D:2: 1201 daAuts
     D:9: 1047 daAuts
     D:1: 978 daAuts
     D:4: 951 daAuts
     D:3: 854 daAuts
    D:11: 267 daAuts
  Temple: 82 daAuts
